 Dungeon Crawl Stone Soup version 0.19.5 (webtiles) character file.

211 McKennaii the Skirmisher (level 5, -6/42 HPs)
             Began as a Demonspawn Abyssal Knight on Apr 27, 2017.
             Was a Priest of Lugonu.
             Mangled by Crazy Yiuf
             ... wielding a +4 quarterstaff of chaos
              (8 damage)
             ... on level 3 of the Dungeon.
             The game lasted 00:05:42 (2460 turns).

McKennaii the Skirmisher (DsAK)                     Turns: 2460, Time: 00:05:43

Health: -6/42      AC:  9    Str: 12    XL:     5   Next: 57%
Magic:  16/16      EV: 12    Int: 13    God:    Lugonu [***...]
Gold:   198        SH:  0    Dex: 14    Spells: 0 memorised, 4 levels left

rFire  . . .     SeeInvis .     a - +1 falchion
rCold  . . .     Gourm    .     b - +0 leather armour
rNeg   . . .     Faith    .     (no shield)
rPois  .         Spirit   .     n - +0 helmet
rElec  .         Reflect  .     k - +0 cloak
rCorr  .         Harm     .     (no gloves)
MR     .....                    u - +0 pair of boots
Stlth  +.........               (no amulet)
                                (no ring)
                                v - ring of magical power

@: no status effects
A: thin metallic scales 2, demonic guardian 1
a: Depart the Abyss, Bend Space, Banish, Renounce Religion


You were on level 3 of the Dungeon.
You worshipped Lugonu.
Lugonu was most pleased with you.
You were hungry.

You visited 1 branch of the dungeon, and saw 3 of its levels.
You visited the Abyss 1 time.

You collected 198 gold pieces.

Inventory:

Hand Weapons
 a - a +1 falchion (weapon)
Armour
 b - a +0 leather armour (worn)
 k - a +0 cloak (worn)
 n - a +0 helmet (worn)
 u - a +0 pair of boots (worn)
Jewellery
 v - a ring of magical power (left hand)
Wands
 o - a wand of disintegration (16/24)
 r - a wand of acid (3/15)
 w - a wand of random effects (36/48)
Scrolls
 d - a scroll of fear {unknown}
 f - a scroll of silence {unknown}
 j - 2 scrolls of teleportation {unknown}
 m - 2 scrolls of noise {unknown}
 p - 3 scrolls of immolation {unknown}
 s - 2 scrolls of fog {unknown}
 t - 3 scrolls of identify {unknown}
 x - a scroll of amnesia {unknown}
Potions
 e - 3 potions of curing {unknown}
 h - a potion of heal wounds {unknown}
 q - 2 potions of cure mutation {unknown}
Comestibles
 c - 2 bread rations
 g - 3 fruits
 i - a meat ration
 l - a royal jelly


   Skills:
 + Level 4.2 Fighting
 + Level 3.6 Long Blades
 + Level 2.4 Armour
 + Level 1.8 Dodging
 + Level 0.2 Stealth
 + Level 2.7 Invocations


You had 4 spell levels left.
You didn't know any spells.

Dungeon Overview and Level Annotations

Branches:
Dungeon (3/15)

Altars:
Zin

Annotations:
D:3 Crazy Yiuf


Innate Abilities, Weirdness & Mutations

You are mostly covered in thin metallic scales. (AC +3)
A weak demonic guardian rushes to your aid.


Message History

You are electrocuted!
You hit Crazy Yiuf.
Crazy Yiuf is moderately wounded.
Crazy Yiuf hits you with a quarterstaff of chaos.
* * * LOW HITPOINT WARNING * * *
Crazy Yiuf freezes you.
* * * LOW HITPOINT WARNING * * *
You closely miss Crazy Yiuf.
Crazy Yiuf is moderately wounded.
Crazy Yiuf closely misses you.
You hit Crazy Yiuf.
Crazy Yiuf is heavily wounded.
Crazy Yiuf hits you with a quarterstaff of chaos!
* * * LOW HITPOINT WARNING * * *
Crazy Yiuf burns you.
* * * LOW HITPOINT WARNING * * *
You hit Crazy Yiuf.
Crazy Yiuf is heavily wounded.
Crazy Yiuf hits you with a quarterstaff of chaos!
You die...

###'#####......#####...... #(#
######.#.###...... #.#####
#.......#.###
#.....######.#.##.......
#.#####......#.###.#.#.# ###
#####.....##.#....
#..#.##.......#.#
#######..#..#.......#.# ###
###.#..g@..#..##.##.....#
#...##g.#.P#....#..##.###.#...
#...'5####PP....#..##.###.##..
#)..### ##P....#.............
### ####..#............#
#..#.....###.##.# #..#.###.#
#.##.# ######
##########..#.....# #.####
.....###.................# #.#


You could see Crazy Yiuf.

Vanquished Creatures
  An orc wizard (D:3)
  Ijyb (D:2)
  Robin (D:2)
  6 adders
  2 oozes (D:1)
  3 worms
  2 dart slugs
  2 leopard geckos
  2 orcs (D:3)
  4 giant cockroaches
  15 goblins
  6 hobgoblins
  3 jackals (D:1)
  6 kobolds
  4 bats
  A frilled lizard (D:1)
  5 rats
  A fungus (D:3)
65 creatures vanquished.

Vanquished Creatures (collateral kills)
  An adder (D:2)
  2 orcs (D:3)
  A kobold (D:2)
  A ball python (D:2)
5 creatures vanquished.

Grand Total: 70 creatures vanquished

Notes
Turn   | Place    | Note
-------+----------+-------------------------------------------
     0 | Abyss:1  | McKennaii the Demonspawn Abyssal Knight began the quest for the Orb.
     0 | Abyss:1  | Reached XP level 1. HP: 18/18 MP: 2/2
    48 | Abyss:2  | Found a corrupted altar of Lugonu.
    84 | Abyss:2  | Noticed a profane servitor
    90 | D:1      | Escaped the Abyss
   196 | D:1      | Gained mutation: A weak demonic guardian rushes to your aid. [demonic ancestry]
   196 | D:1      | Reached XP level 2. HP: 23/24 MP: 3/3
   298 | D:1      | Reached skill level 1 in Dodging
   581 | D:1      | Reached XP level 3. HP: 10/29 MP: 4/4
   621 | D:1      | Reached ** piety under Lugonu
  1229 | D:2      | Noticed Ijyb
  1287 | D:2      | Killed Ijyb
  1287 | D:2      | Gained mutation: You are partially covered in thin metallic scales. (AC +2) [demonic ancestry]
  1287 | D:2      | Reached XP level 4. HP: 16/37 MP: 6/6
  1315 | D:2      | Found a glowing silver altar of Zin.
  1382 | D:2      | Reached skill level 4 in Fighting
  1741 | D:3      | Noticed Robin
  1767 | D:2      | Killed Robin
  1767 | D:2      | Gained mutation: You are mostly covered in thin metallic scales. (AC +3) [demonic ancestry]
  1767 | D:2      | Reached XP level 5. HP: 26/42 MP: 7/7
  2063 | D:3      | Reached *** piety under Lugonu
  2442 | D:3      | Found a runed door.
  2446 | D:3      | Noticed Crazy Yiuf
  2459 | D:3      | HP: 2/42 [Crazy Yiuf/quarterstaff of chaos (1)]
  2460 | D:3      | Mangled by Crazy Yiuf

Skill      XL: |  1  2  3  4 |
---------------+-------------+-----
Long Blades    | 2 3 |  3.6
Dodging        | 1 |  1.8
Armour         | 2 |  2.4
Fighting       | 4 |  4.2
Stealth        | |  0.2
Invocations    | |  2.7

Action                   |  1- 3 |  4- 6 || total
-------------------------+-------+-------++-------
Melee: Falchion          |   113 |   156 ||   269
  Eat: Chunk             |     1 |     4 ||     5
Armor: Leather armour    |    49 |    53 ||   102
Dodge: Dodged            |   106 |    79 ||   185
       Rpst.: Falchion   |    32 |    22 ||    54
